 Dungeon Crawl Stone Soup version 0.25.1-8-g42b30a86e7 (webtiles) character file.

Game seed: 3650006248112581522

22 gruber the Chiller (level 2, -1/19 HPs)
             Began as a Demonspawn Ice Elementalist on Dec 20, 2020.
             Slain by a kobold
             ... wielding a +4 short sword
              (8 damage)
             ... on level 1 of the Dungeon.
             The game lasted 00:00:57 (1157 turns).

gruber the Chiller (Demonspawn Ice Elementalist)    Turns: 1157, Time: 00:00:57

Health: -1/19      AC:  2    Str:  8    XL:     2   Next: 68%
Magic:  2/5        EV: 12    Int: 16    God:
Gold:   42         SH:  0    Dex: 13    Spells: 4/5 levels left

rFire    + . .     SeeInvis .   d - +0 short sword
rCold    . . .     Gourm    .   (no shield)
rNeg     . . .     Faith    .   a - +0 robe
rPois    .         Spirit   .   (no helmet)
rElec    .         Reflect  .   (no cloak)
rCorr    .         Harm     .   (no gloves)
MR       .....                  (no boots)
Stlth    ++........             (no amulet)
HPRegen  0.06/turn              f - ring of flight
MPRegen  0.09/turn              (no ring)

@: no status effects
A: fire resistance 1
a: Evoke Flight


You were on level 1 of the Dungeon.
You were not hungry.

You visited 1 branch of the dungeon, and saw 1 of its levels.

You collected 42 gold pieces.

Inventory:

Hand Weapons
 d - a +0 short sword (weapon)
Armour
 a - a +0 robe (worn)
 g - a +0 buckler
Jewellery
 f - a ring of flight (left hand)
Scrolls
 e - a scroll of enchant armour {unknown}
 h - a scroll of amnesia {unknown}
Potions
 i - a potion of curing {unknown}
Comestibles
 c - 2 rations


   Skills:
 - Level 1.7 Dodging
 - Level 1.7 Stealth
 - Level 2.0 Spellcasting
 + Level 4.4 Ice Magic


You had 4 spell levels left.
You knew the following spells:

 Your Spells              Type           Power        Failure   Level  Hunger
a - Freeze                Ice            ###.         3%          1    #......

Your spell library contained the following spells:

 Spells                   Type           Power        Failure   Level  Hunger
 Frozen Ramparts          Ice            ###...       10%         3    ###....
 Ozocubu's Armour         Chrm/Ice       #.......     26%         3    ###....
 Hailstorm                Conj/Ice       #.......     63%         4    #####..
 Summon Ice Beast         Ice/Summ       #.......     63%         4    #####..


Dungeon Overview and Level Annotations

Branches:
Dungeon (1/15)

Altars:


Innate Abilities, Weirdness & Mutations

Your flesh is heat resistant. (rF+)


Message History

The rat is heavily wounded.
The rat bites you.
Unknown command.
Casting: Freeze (safe; 3% risk of failure)
Confirm with . or Enter, or press ? or * to list all spells.
Aiming: Freeze (safe; 3% risk of failure)
Press: ? - help, Shift-Dir - straight line, f/p - rat
Aim: a rat (heavily wounded)
You freeze the rat.
You kill the rat!
Unknown command.
Casting: Freeze (safe; 3% risk of failure)
Confirm with . or Enter, or press ? or * to list all spells.
Aiming: Freeze (safe; 3% risk of failure)
Press: ? - help, Shift-Dir - straight line, f - kobold
Aim: a kobold, wielding a +4 short sword and quivering 2 stones (moderately wounded)
You freeze the kobold.
The kobold is severely wounded.
The kobold hits you with a +4 short sword!
You die...

# #...#...#.###.######..÷....#.##
# ....#...#.....# #.......#.#
###...#...#...#### #.#######.## #
#...#..........# #.# #... #
#...#...#...##.#####.### #... #
#........#.....#...## ##... #
###......#####......# #..## ##
##......#########..# #.... .#
#........@K...# #..###....
########.#########.....#.....###.
...##....##### #.#.#.#...#.# #.
...##.......... #.#.# #####.# ##
...##÷....##### #.# . ...
...'.÷....# #.# .# ####
...##...#.# ..# # ...##.>.#.# ###
...##...#.#


You could see a kobold.

Vanquished Creatures
  A dart slug (D:1)
  A leopard gecko (D:1)
  3 hobgoblins (D:1)
  5 bats (D:1)
  4 goblins (D:1)
  A kobold (D:1)
  5 rats (D:1)
20 creatures vanquished.

Notes
Turn   | Place    | Note
-------+----------+-------------------------------------------
     0 | D:1      | gruber the Demonspawn Ice Elementalist began the quest for
                  | the Orb.
     0 | D:1      | Reached XP level 1. HP: 13/13 MP: 3/3
   499 | D:1      | Reached skill level 4 in Ice Magic
   552 | D:1      | Gained mutation: Your flesh is heat resistant. (rF+)
                  | [demonic ancestry]
   552 | D:1      | Reached XP level 2. HP: 19/19 MP: 5/5
  1157 | D:1      | Slain by a kobold

Illustrated notes

Levels and vault maps discovered:
D:1:      heliophobic_arrival_battle_scene, layout_basic, hangedman_decor_points

Skill      XL: |  1 |
---------------+----+-----
Ice Magic      | 4 |  4.4
Dodging        | |  1.7
Stealth        | |  1.7
Spellcasting   | |  2.0

Action                   || total
-------------------------++-------
Melee: Unarmed           ||     4
       Short sword       ||    28
 Cast: Freeze            ||    18
  Eat: Chunk             ||     1
Armor: Robe              ||    19
Dodge: Dodged            ||    31
